PBL
PITTSBURGH PIRATES @ SAN DIEGO PADRES
03/26/2071
 
TOP OF THE 1ST
Pittsburgh Pirates batting - Pitching for San Diego Padres : RHP Roberto Campos
Pitching: RHP Roberto Campos
Batting: LHB Kirila Naretha 0-0: Ball
1-0: Ball
2-0: Ground out 5-3 (Groundball, 56, EV 88.8 MPH)
Batting: RHB John Simpson 0-0: SINGLE (Line Drive, 4MD, EV 103.8 MPH)
Batting: RHB Spencer Knight 0-0: Ball
1-0: Ball
2-0: Foul Ball, location: 9LSF
2-1: Swinging Strike
2-2: Grounds into double play, 6-4-3 (Groundball, 6, EV 81.9 MPH)
Top of the 1st over - 0 runs, 1 hit, 0 errors, 0 left on base; Pittsburgh 0 - San Diego 0
BOTTOM OF THE 1ST
San Diego Padres batting - Pitching for Pittsburgh Pirates : RHP Joe Strahler
Pitching: RHP Joe Strahler
Batting: LHB Wook-jin Ki 0-0: Called Strike
0-1: Swinging Strike
0-2: Ball
1-2: Foul Ball, location: 5F
1-2: Ball
2-2: Ball
3-2: Hit by Pitch
Batting: LHB Pedro Escobar 0-0: Ball
1-0: Ball
Wook-jin Ki steals 2nd base
2-0: Ball
3-0: Called Strike
3-1: Base on Balls
Batting: SHB Cristián Burgos 0-0: Ball
1-0: Called Strike
1-1: SINGLE (Line Drive, 9S, EV 97.5 MPH)
Wook-jin Ki to third
Pedro Escobar to second
Batting: RHB Jorge Gonzáles 0-0: Foul Ball, location: 2F
0-1: Called Strike
0-2: Fly out, F8 (Flyball, 8RXD, EV 108.1 MPH)
Runner from 3rd tags up, SCORES, no throw by CF
Pedro Escobar to third
Batting: RHB Fernando Quiñones 0-0: Ball
1-0: Ball
2-0: Called Strike
2-1: Swinging Strike
2-2: Fly out, F9 (Flyball, 9, EV 91.3 MPH)
Runner from 3rd tags up, SCORES, no throw by RF
Batting: RHB Pablo Amador 0-0: SINGLE (Line Drive, 9S, EV 93.8 MPH)
Cristián Burgos to second
Runner from 2nd tries for 3rd, OUT! 9-5
Bottom of the 1st over - 2 runs, 2 hits, 0 errors, 1 left on base; Pittsburgh 0 - San Diego 2
TOP OF THE 2ND
Pittsburgh Pirates batting - Pitching for San Diego Padres : RHP Roberto Campos
Batting: RHB Zong-yuan Yue 0-0: Called Strike
0-1: Ground out 5-3 (Groundball, 56, EV 90.6 MPH)
Batting: LHB Greg Meyer 0-0: Ball
1-0: Ball
2-0: Called Strike
2-1: Ball
3-1: Foul Ball, location: 7LDF
3-2: Base on Balls
Batting: LHB John Fulton 0-0: Swinging Strike
0-1: Foul Ball, location: 2F
0-2: Strikes out looking
Batting: LHB Lúcio Rivera 0-0: Ball
1-0: Called Strike
1-1: Swinging Strike
1-2: Strikes out looking
Top of the 2nd over - 0 runs, 0 hits, 0 errors, 1 left on base; Pittsburgh 0 - San Diego 2
BOTTOM OF THE 2ND
San Diego Padres batting - Pitching for Pittsburgh Pirates : RHP Joe Strahler
Batting: LHB Rick Hampton 0-0: Foul Ball, location: 25F
0-1: Ball
1-1: Foul Ball, location: 5DF
1-2: Fly out, F7 (Flyball, 7LD, EV 88.8 MPH)
Batting: RHB Salvador Reyes 0-0: Called Strike
0-1: Foul Ball, location: 2LF
0-2: Hit by Pitch
Batting: RHB Hua Eng 0-0: Foul Ball, location: 9LSF
0-1: Fly out, F4 (Popup, 4D, EV 52.5 MPH)
Batting: LHB Wook-jin Ki 0-0: Ball
1-0: Ball
2-0: Ball
3-0: Base on Balls
Salvador Reyes to second
Batting: LHB Pedro Escobar 0-0: Called Strike
0-1: Ball
1-1: Ball
2-1: Foul Ball, location: 2F
2-2: Ball
3-2: Base on Balls
Salvador Reyes to third
Wook-jin Ki to second
Batting: SHB Cristián Burgos 0-0: GRAND SLAM HOME RUN (Flyball, 9LD, EV 96.3 MPH), Distance : 366 ft
Batting: RHB Jorge Gonzáles 0-0: Ball
1-0: Fly out, F3 (Popup, 3F, EV 61.9 MPH)
Bottom of the 2nd over - 4 runs, 1 hit, 0 errors, 0 left on base; Pittsburgh 0 - San Diego 6
TOP OF THE 3RD
Pittsburgh Pirates batting - Pitching for San Diego Padres : RHP Roberto Campos
Batting: RHB António Martínez 0-0: Foul Ball, location: 25F
0-1: SINGLE (Groundball, 5S, EV 70.0 MPH) (infield hit)
Batting: RHB Jorge Medina 0-0: Swinging Strike
0-1: Fly out, F3 (Popup, 3L, EV 68.1 MPH)
Batting: LHB Kirila Naretha 0-0: Called Strike
0-1: Ball
1-1: Called Strike
1-2: Ball
2-2: Ball
3-2: Grounds into double play, 4-6-3 (Groundball, 34S, EV 80.6 MPH)
Top of the 3rd over - 0 runs, 1 hit, 0 errors, 0 left on base; Pittsburgh 0 - San Diego 6
BOTTOM OF THE 3RD
San Diego Padres batting - Pitching for Pittsburgh Pirates : RHP Joe Strahler
Batting: RHB Fernando Quiñones 0-0: Ball
1-0: Fly out, F7 (Flyball, 78D, EV 101.3 MPH)
Batting: RHB Pablo Amador 0-0: Ball
1-0: Called Strike
1-1: Ball
2-1: Fly out, F8 (Flyball, 78D, EV 90.6 MPH)
Batting: LHB Rick Hampton 0-0: Ball
1-0: Ball
2-0: Ball
3-0: Foul Ball, location: 23F
3-1: Base on Balls
Pitching: RHP Brian Giarratan
Batting: RHB Salvador Reyes 0-0: Called Strike
0-1: Swinging Strike
0-2: Ball
1-2: Ball
2-2: Ball
3-2: Ground out 4-3 (Groundball, 4, EV 95.0 MPH)
Bottom of the 3rd over - 0 runs, 0 hits, 0 errors, 1 left on base; Pittsburgh 0 - San Diego 6
TOP OF THE 4TH
Pittsburgh Pirates batting - Pitching for San Diego Padres : RHP Roberto Campos
Batting: RHB John Simpson 0-0: Ball
1-0: Called Strike
1-1: Swinging Strike
1-2: Foul Ball, location: 2F
1-2: Strikes out looking
Batting: RHB Spencer Knight 0-0: Ball
1-0: Foul Ball, location: 2F
1-1: Ball
2-1: Ball
3-1: Base on Balls
Batting: RHB Zong-yuan Yue 0-0: Called Strike
0-1: Foul Ball, location: 2F
0-2: Ball
1-2: Foul Ball, location: 7LDF
1-2: Ball
2-2: 2-RUN HOME RUN (Flyball, 7D, EV 98.1 MPH), Distance : 372 ft
Batting: LHB Greg Meyer 0-0: Fly out, F8 (Flyball, 8RXD, EV 106.9 MPH)
Batting: LHB John Fulton 0-0: Swinging Strike
0-1: Ball
1-1: Ball
2-1: Ball
3-1: Foul Ball, location: 2F
3-2: Foul Ball, location: 7LSF
3-2: Strikes out looking
Top of the 4th over - 2 runs, 1 hit, 0 errors, 0 left on base; Pittsburgh 2 - San Diego 6
BOTTOM OF THE 4TH
San Diego Padres batting - Pitching for Pittsburgh Pirates : RHP Brian Giarratan
Batting: RHB Hua Eng 0-0: SINGLE (Line Drive, 6D, EV 94.4 MPH)
Pinch Hitting: LHB Iwao Sato 0-0: Swinging Strike
0-1: Ball
1-1: Ball
2-1: Called Strike
2-2: Foul Ball, location: 2F
2-2: DOUBLE (Line Drive, 78D, EV 103.1 MPH)
Hua Eng to third
Batting: LHB Pedro Escobar 0-0: Ball
1-0: Ball
2-0: Foul Ball, location: 2F
2-1: Ground out 5-3 (Groundball, 5, EV 85.6 MPH)
Batting: RHB Luis Villa 0-0: 3-RUN HOME RUN (Flyball, 7D, EV 103.8 MPH), Distance : 396 ft
Pinch Hitting: RHB Curt Brewer 0-0: Foul Ball, location: 9LDF
0-1: Called Strike
0-2: Ball
1-2: Strikes out swinging
Batting: RHB Fernando Quiñones 0-0: Fly out, F8 (Flyball, 8LD, EV 84.4 MPH)
Bottom of the 4th over - 3 runs, 3 hits, 0 errors, 0 left on base; Pittsburgh 2 - San Diego 9
TOP OF THE 5TH
Pittsburgh Pirates batting - Pitching for San Diego Padres : RHP Roberto Campos
Now at 2B: Curt Brewer
Now at 3B: Jonathan Roehl
Now in LF: Pedro Escobar
Now in CF: Iwao Sato
Batting: LHB Lúcio Rivera 0-0: Ball
1-0: Foul Ball, location: 7LSF
1-1: Called Strike
1-2: Ball
2-2: Fly out, F7 (Flyball, 78M, EV 99.4 MPH)
Batting: RHB António Martínez 0-0: Ball
1-0: Swinging Strike
1-1: Ball
2-1: Fly out, F5 (Line Drive, 5, EV 71.9 MPH)
Batting: RHB Jorge Medina 0-0: Called Strike
0-1: Ball
1-1: Swinging Strike
1-2: Foul Ball, location: 9LSF
1-2: Foul Ball, location: 9LMF
1-2: Ball
2-2: Foul Ball, location: 9LMF
2-2: Ball
3-2: Strikes out swinging
Top of the 5th over - 0 runs, 0 hits, 0 errors, 0 left on base; Pittsburgh 2 - San Diego 9
BOTTOM OF THE 5TH
San Diego Padres batting - Pitching for Pittsburgh Pirates : RHP Brian Giarratan
Now at C: Barney Sweeney
Batting: RHB Pablo Amador 0-0: Ball
1-0: Swinging Strike
1-1: Called Strike
1-2: Strikes out swinging
Batting: LHB Rick Hampton 0-0: Ball
1-0: Ball
2-0: Called Strike
2-1: Ball
3-1: Foul Ball, location: 25F
3-2: Strikes out swinging
Batting: RHB Jonathan Roehl 0-0: SINGLE (Line Drive, 7LS, EV 91.9 MPH)
Pinch Hitting: RHB Marvin Stewart 0-0: Called Strike
Jonathan Roehl steals 2nd base
0-1: Ball
1-1: Ball
2-1: Ball
3-1: Base on Balls
Batting: LHB Iwao Sato 0-0: Called Strike
0-1: Swinging Strike
0-2: Fielders Choice at 2nd, U4 (Groundball, 4M, EV 82.5 MPH)
Bottom of the 5th over - 0 runs, 1 hit, 0 errors, 2 left on base; Pittsburgh 2 - San Diego 9
TOP OF THE 6TH
Pittsburgh Pirates batting - Pitching for San Diego Padres : RHP Roberto Campos
Pitching: RHP Tom Gress
Now at 2B: Marvin Stewart
Now at SS: Curt Brewer
Now in LF: Brent Cross
Batting: LHB Kirila Naretha 0-0: Foul Ball, location: 7LSF
0-1: Ball
1-1: Ball
2-1: Called Strike
2-2: Foul Ball, location: 5SF
2-2: Ball
3-2: Base on Balls
Batting: RHB John Simpson 0-0: Called Strike
0-1: Swinging Strike
0-2: Ball
1-2: Ball
2-2: Foul Ball, location: 25F
2-2: Ball
3-2: Fly out, F3 (Popup, 3SF, EV 86.3 MPH)
Pinch Hitting: RHB Henry Gibson 0-0: Ball
1-0: Ball
2-0: Ball
3-0: Called Strike
3-1: Foul Ball, location: 2F
3-2: Foul Ball, location: 2F
3-2: Ground out U3 (Groundball, 34, EV 110.6 MPH)
Kirila Naretha to second
Batting: RHB Zong-yuan Yue 0-0: Ball
1-0: 2-RUN HOME RUN (Line Drive, 7LD, EV 97.5 MPH), Distance : 361 ft
Batting: LHB Paul O'Brien 0-0: Ball
1-0: Ball
2-0: DOUBLE (Flyball, 78D, EV 95.0 MPH)
Pinch Hitting: RHB Luis Cervantes 0-0: Called Strike
0-1: Foul Ball, location: 25F
0-2: Ball
1-2: Strikes out looking
Top of the 6th over - 2 runs, 2 hits, 0 errors, 1 left on base; Pittsburgh 4 - San Diego 9
BOTTOM OF THE 6TH
San Diego Padres batting - Pitching for Pittsburgh Pirates : RHP Brian Giarratan
Pitching: RHP Brad Woodward
Now at 1B: António Martínez
Now at 2B: Henry Gibson
Now at 3B: Luis Cervantes
Batting: RHB Brent Cross 0-0: Called Strike
0-1: Ball
1-1: Ball
2-1: SINGLE (Line Drive, 4MD, EV 96.3 MPH)
Batting: RHB Luis Villa 0-0: Ball
1-0: Ball
2-0: Ball
3-0: Called Strike
3-1: Foul Ball, location: 2F
3-2: Foul Ball, location: 2F
3-2: Base on Balls
Brent Cross to second
Batting: RHB Curt Brewer 0-0: Called Strike
0-1: Ball
1-1: Called Strike
1-2: Fly out, F3 (Popup, 3SF, EV 80.0 MPH)
Pinch Hitting: RHB Carlos Núñez 0-0: Foul Ball, location: 5FF
0-1: Called Strike
0-2: SINGLE (Line Drive, 56D, EV 100.0 MPH)
Brent Cross to third
Luis Villa to second
Runner from 3rd tries for Home, SAFE, throw by LF to home
Batting: RHB Pablo Amador 0-0: Called Strike
0-1: Ball
1-1: Reached on error, E6 (Groundball, 6S, EV 81.9 MPH)
Luis Villa to third
Carlos Núñez to second
Pinch Hitting: LHB Raúl Valenzuela 0-0: Ball
1-0: Foul Ball, location: 2F
1-1: Foul Ball, location: 2F
1-2: Ball
2-2: SINGLE (Flyball, 8LS, EV 91.9 MPH)
Luis Villa scores
Carlos Núñez to third
Pablo Amador to second
Batting: RHB Jonathan Roehl 0-0: Called Strike
0-1: Ball
1-1: Ball
2-1: Foul Ball, location: 9LSF
2-2: Strikes out swinging
Batting: RHB Marvin Stewart 0-0: Ball
1-0: Ball
2-0: Called Strike
2-1: Swinging Strike
2-2: Foul Ball, location: 9LDF
2-2: Fly out, F3 (Popup, 34S, EV 87.5 MPH)
Bottom of the 6th over - 2 runs, 3 hits, 1 error, 3 left on base; Pittsburgh 4 - San Diego 11
TOP OF THE 7TH
Pittsburgh Pirates batting - Pitching for San Diego Padres : RHP Tom Gress
Now at C: Raúl Márquez
Now at 1B: Carlos Núñez
Now in RF: Raúl Valenzuela
Pinch Hitting: SHB Jerry Gates 0-0: Foul Ball, location: 2F
0-1: Ball
1-1: SINGLE (Line Drive, 7S, EV 100.6 MPH)
Batting: RHB António Martínez 0-0: Ball
1-0: Called Strike
1-1: Ball
2-1: Fly out, F9 (Flyball, 89D, EV 83.1 MPH)
Pitching: RHP Tony Rivera
Batting: RHB Barney Sweeney 0-0: Called Strike
Jerry Gates steals 2nd base (no throw)
0-1: Ball
1-1: Swinging Strike
1-2: Fly out, F4 (Line Drive, 4MD, EV 70.6 MPH)
Batting: LHB Kirila Naretha 0-0: Foul Ball, location: 2F
0-1: Ball
1-1: Ball
2-1: Foul Ball, location: 9LDF
2-2: Foul Ball, location: 2F
2-2: Foul Ball, location: 7LDF
2-2: Strikes out swinging
Top of the 7th over - 0 runs, 1 hit, 0 errors, 1 left on base; Pittsburgh 4 - San Diego 11
BOTTOM OF THE 7TH
San Diego Padres batting - Pitching for Pittsburgh Pirates : RHP Brad Woodward
Pitching: LHP Jesús Ferrer
Now at 2B: Juan Baca
Now at SS: Henry Gibson
Now in LF: Zong-yuan Yue
Now in CF: Jerry Gates
Now in RF: José Páez
Pinch Hitting: RHB Jesús Hernández 0-0: Foul Ball, location: 5F
0-1: Swinging Strike
0-2: Ball
1-2: Ball
2-2: Strikes out looking
Batting: RHB Brent Cross 0-0: Called Strike
0-1: Called Strike
0-2: Ball
1-2: Ball
2-2: Foul Ball, location: 3F
2-2: Strikes out looking
Batting: RHB Jacob Brown 0-0: SINGLE (Popup, 34D, EV 70.0 MPH)
Batting: RHB Curt Brewer 0-0: Ball
1-0: Swinging Strike
1-1: Swinging Strike
1-2: Strikes out swinging
Bottom of the 7th over - 0 runs, 1 hit, 0 errors, 1 left on base; Pittsburgh 4 - San Diego 11
TOP OF THE 8TH
Pittsburgh Pirates batting - Pitching for San Diego Padres : RHP Tony Rivera
Now in CF: Jesús Hernández
Batting: SHB Juan Baca 0-0: Called Strike
0-1: Foul Ball, location: 2F
0-2: Ball
1-2: SINGLE (Line Drive, 7LS, EV 92.5 MPH)
Batting: RHB Henry Gibson 0-0: Ball
1-0: Fielders Choice at 2nd, 3-6 (Groundball, 3, EV 84.4 MPH)
Batting: RHB Zong-yuan Yue 0-0: Ball
1-0: Ball
2-0: Ball
3-0: Called Strike
3-1: Called Strike
3-2: Foul Ball, location: 3FF
3-2: Base on Balls
Henry Gibson to second
Batting: LHB Paul O'Brien 0-0: Ball
1-0: Ball
2-0: Ball
3-0: Called Strike
3-1: Called Strike
3-2: Base on Balls
Henry Gibson to third
Zong-yuan Yue to second
Batting: RHB Luis Cervantes 0-0: Foul Ball, location: 9LSF
0-1: Swinging Strike
0-2: Strikes out looking
Batting: SHB Jerry Gates 0-0: Ball
1-0: Ball
2-0: Ground out 1-3 (Groundball, P, EV 64.4 MPH)
Top of the 8th over - 0 runs, 1 hit, 0 errors, 3 left on base; Pittsburgh 4 - San Diego 11
BOTTOM OF THE 8TH
San Diego Padres batting - Pitching for Pittsburgh Pirates : LHP Jesús Ferrer
Pitching: LHP Bill Pomeroy
Batting: RHB Carlos Núñez 0-0: Called Strike
0-1: Foul Ball, location: 2F
0-2: Strikes out swinging
Batting: SHB Raúl Márquez 0-0: Ground out 5-3 (Groundball, 5, EV 89.4 MPH)
Batting: LHB Raúl Valenzuela 0-0: Foul Ball, location: 3F
0-1: Ball
1-1: Foul Ball, location: 7LMF
1-2: Ball
2-2: Strikes out swinging
Bottom of the 8th over - 0 runs, 0 hits, 0 errors, 0 left on base; Pittsburgh 4 - San Diego 11
TOP OF THE 9TH
Pittsburgh Pirates batting - Pitching for San Diego Padres : RHP Tony Rivera
Pitching: RHP Will Clark
Batting: RHB António Martínez 0-0: Swinging Strike
0-1: Ball
1-1: Ball
2-1: Ball
3-1: Base on Balls
Pinch Hitting: LHB Alex Harbaugh 0-0: Ground out 4-3 (Groundball, 4MS, EV 67.5 MPH)
António Martínez to second
Batting: LHB José Páez 0-0: Ball
1-0: Fly out, F9 (Flyball, 9, EV 89.4 MPH)
Batting: SHB Juan Baca 0-0: Foul Ball, location: 2F
0-1: DOUBLE (Line Drive, 7LS, EV 91.3 MPH)
António Martínez scores
Pinch Hitting: RHB George Alexander 0-0: Called Strike
0-1: Foul Ball, location: 5DF
0-2: Strikes out swinging
Top of the 9th over - 1 run, 1 hit, 0 errors, 1 left on base; Pittsburgh 5 - San Diego 11
Wednesday, April 3rd , 2024 - OOTP Baseball 24.10 Build 82